Map: Dusk Towers

Players

Rodzyn - Winner!

  • Race: Protoss Protoss
  • League: Grandmaster

Miszu

  • Race: Terran Terran
  • League: Master

VOD

Have the link to the VOD?

Description

Time

  • Played on: April 23, 2016, 3:42 p.m.
  • Length: 8:12
Show
View Real Time Build Order
Export as new Build Order

Rodzyn Protoss - Winner!

Build Orders: 1 Gate Expand, Phoenix Opening 

Get SALT Encoding   

  12  0:01  Probe (Chrono Boost)  
  13  0:11  Probe (Chrono Boost)  
  14  0:19  Pylon  
  14  0:23  Probe (Chrono Boost)  
  15  0:37  Gateway, Probe (Chrono Boost)  
  16  0:48  Probe (Chrono Boost)  
  17  0:53  Assimilator  
  17  0:58  Probe (Chrono Boost)  
  18  1:09  Probe (Chrono Boost)  
  19  1:21  Nexus  
  19  1:31  Cybernetics Core  
  19  1:33  Probe (Chrono Boost)  
  20  1:41  Assimilator  
  20  1:44  Probe (Chrono Boost)  
  21  1:54  Probe (Chrono Boost)  
  21  1:57  Pylon  
  22  2:05  Probe (Chrono Boost)  
  22  2:08  Warp Gate  
  23  2:15  Adept (Chrono Boost)  
  23  2:16  Probe  
  26  2:28  Probe (Chrono Boost)  
  27  2:33  Probe (Chrono Boost)  
  27  2:36  Stargate  
  28  2:40  Adept, Probe (Chrono Boost)  
  32  2:44  Probe (Chrono Boost)  
  32  2:51  Probe (Chrono Boost)  
  33  2:55  Probe (Chrono Boost)  
  34  3:02  Probe (Chrono Boost)  
  34  3:05  Pylon, Mothership Core (Chrono Boost)  
  37  3:08  Adept  
  40  3:12  Probe (Chrono Boost)  
  40  3:20  Phoenix (Chrono Boost)  
  40  3:22  Probe  
  40  3:23  Probe  
  44  3:32  Probe  
  44  3:35  Probe  
  44  3:39  Robotics Facility  
  46  3:43  Probe  
  46  3:44  Pylon  
  46  3:47  Probe  
  48  3:53  Probe  
  49  3:56  Phoenix (Chrono Boost)  
  49  4:00  Probe  
  52  4:04  Probe  
  50  4:14  Probe  
  50  4:15  Probe  
  52  4:18  Phoenix (Chrono Boost)  
  54  4:26  Probe  
  54  4:27  Observer  
  54  4:28  Probe  
  57  4:32  Nexus  
  57  4:33  Pylon  
  57  4:36  Assimilator  
  57  4:37  Assimilator  
  52  4:38  Probe (Chrono Boost)  
  52  4:39  Probe (Chrono Boost)  
  54  4:50  Probe (Chrono Boost)  
  54  4:51  Probe (Chrono Boost)  
  56  4:52  Phoenix  
  58  5:01  Probe x2 (Chrono Boost)  
  58  5:03  Twilight Council  
  60  5:09  Stalker  
  60  5:11  Probe (Chrono Boost)  
  60  5:12  Probe (Chrono Boost)  
  64  5:22  Pylon, Probe x2 (Chrono Boost)  
  66  5:32  Probe (Chrono Boost)  
  66  5:33  Probe (Chrono Boost)  
  68  5:43  Probe x2 (Chrono Boost)  
  68  5:44  Probe (Chrono Boost)  
  68  5:48  Blink (Chrono Boost), Robotics Bay  
  71  5:52  Probe (Chrono Boost)  
  71  5:53  Probe x2 (Chrono Boost)  
  71  5:55  Immortal  
  78  5:58  Gateway  
  78  5:59  Gateway  
  78  6:03  Probe  
  77  6:11  Probe  
  77  6:12  Phoenix, Probe  
  77  6:13  Probe  
  77  6:16  Sentry  
  84  6:21  Assimilator  
  84  6:22  Assimilator  
  84  6:23  Pylon, Probe x2  
  84  6:24  Probe  
  87  6:31  Gateway  
  87  6:32  Gateway x2  
  87  6:35  Disruptor (Chrono Boost)  
  87  6:38  Pylon  
  90  6:43  Sentry  
  92  6:50  Probe  
  92  6:51  Probe  
  94  6:58  Stalker x2  
  98  7:04  Robotics Facility  
  98  7:05  Pylon, Disruptor  
  98  7:07  Stalker  
  102  7:23  Stalker x2  
  102  7:27  Probe  
  107  7:30  Pylon  
  107  7:31  Pylon  
  107  7:34  Stalker  
  107  7:35  Stalker x2  
  107  7:36  Disruptor  
  113  7:39  Pylon  
  113  7:40  Pylon  
  116  7:44  Forge  
  116  7:46  Forge  
  116  7:57  Stalker x4  
  116  7:58  Stalker  
  126  7:59  Stalker  
Show
View Real Time Build Order
Export as new Build Order

Miszu Terran 

Build Orders: 1/1/1, Liberator Opening, MMM Bio 

Get SALT Encoding   

  12  0:01  SCV  
  13  0:13  SCV  
  14  0:17  Supply Depot  
  14  0:25  SCV  
  15  0:39  SCV  
  15  0:41  Barracks  
  16  0:46  Refinery  
  16  0:51  SCV  
  17  0:57  Refinery  
  17  1:03  SCV  
  18  1:15  SCV  
  19  1:28  Marine, Orbital Command  
  19  1:32  Supply Depot  
  20  1:39  Factory  
  20  1:46  Marine  
  21  1:53  SCV  
  22  2:02  Supply Depot  
  22  2:04  Marine  
  22  2:06  SCV  
  24  2:18  SCV  
  24  2:22  Widow Mine  
  27  2:23  Starport, Marine  
  28  2:42  Barracks Reactor  
  28  2:50  Widow Mine  
  30  2:51  Command Center  
  30  2:59  Medivac  
  30  3:00  SCV  
  33  3:08  Supply Depot  
  33  3:12  SCV, Liberator  
  34  3:19  Factory Tech Lab  
  34  3:21  Marine x2  
  34  3:24  SCV  
  40  3:36  SCV  
  40  3:39  Barracks  
  41  3:44  Marine x2  
  43  3:48  SCV  
  44  3:56  Barracks  
  44  4:00  SCV  
  45  4:09  Marine  
  43  4:10  Marine  
  43  4:19  SCV  
  43  4:21  Orbital Command  
  44  4:27  Marine x2, Barracks Tech Lab  
  44  4:31  Siege Tank  
  49  4:33  Starport Reactor  
  49  4:37  SCV  
  50  4:45  Marine  
  50  4:46  Barracks Tech Lab  
  50  4:47  Marine, Stimpack  
  50  4:49  SCV  
  50  4:50  SCV  
  52  4:55  Marine  
  52  4:58  Engineering Bay  
  53  5:01  SCV  
  53  5:02  SCV  
  53  5:06  Siege Tank  
  58  5:12  Marine  
  58  5:13  SCV  
  58  5:14  Combat Shields  
  61  5:17  Refinery  
  61  5:18  Supply Depot  
  61  5:20  SCV  
  61  5:26  Supply Depot  
  61  5:31  SCV  
  61  5:32  SCV  
  61  5:33  Missile Turret  
  61  5:34  Terran Infantry Weapons Level 1  
  60  5:43  SCV  
  60  5:45  Missile Turret  
  60  5:48  Marine x2  
  63  5:50  Marine  
  62  5:57  SCV  
  62  6:00  SCV  
  63  6:05  Factory Reactor  
  63  6:06  Marine x2  
  63  6:10  SCV  
  63  6:12  SCV  
  63  6:14  Marine  
  63  6:15  Medivac  
  67  6:21  Liberator  
  67  6:23  Marine, SCV  
  69  6:27  Supply Depot  
  69  6:30  Marine  
  70  6:38  Marine x2  
  75  6:41  Marine, Liberator  
  75  6:42  Barracks, Widow Mine  
  75  6:45  Barracks  
  78  6:49  Widow Mine  
  78  6:51  Supply Depot  
  80  6:54  Marine  
  80  6:55  Marine  
  85  7:13  Marauder  
  85  7:14  Marauder, Widow Mine  
  91  7:17  Widow Mine  
  91  7:18  Supply Depot  
  85  7:30  Marine x3  
  85  7:35  Marauder  
  93  7:38  Marine  
  93  7:40  Marauder  
  96  7:48  Marauder  
Tags
 
Add a new tag
Caveats
  • Supply blocks, unpowered buildings, or Contaminate may cause inaccurate times.
  • Supply counts are checked every 10 seconds.